 Dungeon Crawl Stone Soup version 0.27.1 (webtiles) character file.

Game seed: 10598931748861625146

18 MajorAdolf the Sneak (level 2, -1/26 HPs)
             Began as a Naga Wanderer on Aug 26, 2021.
             Killed from afar by a dart slug (6 damage)
             ... with a slug dart
             ... on level 1 of the Dungeon.
             The game lasted 00:03:13 (1892 turns).

MajorAdolf the Sneak (Naga Wanderer)                Turns: 1892, Time: 00:03:13

Health: -1/26      AC:  1    Str: 14    XL:     2   Next: 66%
Magic:  2/2        EV:  9    Int: 12    God:
Gold:   41         SH:  0    Dex: 10    Spells: 0/1 levels left

rFire    . . .     SeeInvis +   g - +2 hand axe (pain)
rCold    . . .     Faith    .   (no shield)
rNeg     . . .     Spirit   .   d - +0 robe
rPois    +         Reflect  .   (no helmet)
rElec    .         Harm     .   (no cloak)
rCorr    .         Rampage  .   (no gloves)
Will     .....                  (no barding)
Stlth    ++........             (no amulet)
HPRegen  0.08/turn              (no ring)
MPRegen  0.08/turn              (no ring)

@: very slow
A: AC +0, large, see invisible, deformed body, poison resistance, slowness 2,
spit poison 1, naga tail 1
a: Spit Poison


You were on level 1 of the Dungeon.
You visited 1 branch of the dungeon, and saw 1 of its levels.

You collected 41 gold pieces.

Inventory:

Hand Weapons
 a - a +2 dagger
 g - a +2 hand axe of pain (weapon)
Armour
 d - a +0 robe (worn)
Jewellery
 i - an amulet of faith
Scrolls
 c - a scroll of teleportation
 e - a scroll of silence {unknown}
 f - a scroll of identify {unknown}
Potions
 b - a potion of lignification {unknown}
 h - 2 potions of brilliance {unknown}


   Skills:
 - Level 2.0 Fighting
 + Level 1.0 Axes
 - Level 1.0 Dodging
 - Level 4.6 Stealth
 - Level 1.0 Unarmed Combat
 - Level 0.1 Spellcasting
 + Level 1.0 Necromancy
 - Level 2.2 Translocations
 - Level 1.2 Transmutations


You couldn't memorise any spells.
You knew the following spells:

 Your Spells              Type           Power      Damage    Failure   Level
a - Apportation           Tloc           10%        N/A       14%         1

Your spell library contained the following spells:

 Spells                   Type           Power      Damage    Failure   Level
 Gell's Gravitas          Tloc           2%         N/A       38%         3


Dungeon Overview and Level Annotations

Branches:
Dungeon (1/15)

Altars:


Innate Abilities, Weirdness & Mutations

Your serpentine skin is tough. (AC +0)
You have supernaturally acute eyesight. (SInv)
Armour fits poorly on your strangely shaped body.
Your system is resistant to poisons. (rPois)
You cover ground very slowly.
You can spit poison.
You have a snake-like lower body.


Message History

A quokka comes into view.
A quokka is nearby!
A quokka is nearby!
A giant cockroach comes into view.
There is an open door here.
A dart slug comes into view.
The quokka barely misses you. The giant cockroach bites you.
You barely miss the giant cockroach. You hit the quokka. The quokka bites you.
The giant cockroach barely misses you. The quokka bites you.
You closely miss the quokka.
The quokka is heavily wounded.
You hit the giant cockroach.
The giant cockroach bites you but does no damage.
The quokka completely misses you. The giant cockroach bites you.
You hit the giant cockroach.
You kill the giant cockroach!
You closely miss the quokka. The quokka bites you. x2
Your Axes skill increases to level 1!
Your Necromancy skill increases to level 1!
Unknown command.
The dart slug launches a dart at you. The slug dart misses you.
The quokka closely misses you. x2
The dart slug launches a dart at you. The slug dart hits you.
The quokka bites you.
* * * LOW HITPOINT WARNING * * *
Okay, then.
Welcome back, MajorAdolf the Naga Wanderer.
Press ? for a list of commands and other information.
Unknown command.
You hit the quokka.
The quokka is almost dead.
The quokka bites you.
* * * LOW HITPOINT WARNING * * *
You hit the quokka.
You kill the quokka!
The dart slug launches a dart at you. The slug dart hits you.
You die...

.............#
+......##.......#
.............#
#....#..........#
.............+
+.......).........
.............#
#....#.#..#.#...##
.............#
#...........#....
.............#
##+#.##......#..#
....#####'####
#...........# ..
....# #.#
#######'##..##..#
##### #.#
#...@..w........#
#########.#
#.####.....#....#
..........#
#...#.....
.##########
.....+..... .#
.......# #### .#
#........# ##
#.##+#...# # #...#
#####


You could see a dart slug.

Vanquished Creatures
  2 bats (D:1)
  2 giant cockroaches (D:1)
  A hobgoblin (D:1)
  4 jackals (D:1)
  2 quokkas (D:1)
  2 ball pythons (D:1)
  2 frilled lizards (D:1)
  3 rats (D:1)
18 creatures vanquished.

Notes
Turn   | Place    | Note
-------+----------+-------------------------------------------
     0 | D:1      | MajorAdolf the Naga Wanderer began the quest for the Orb.
     0 | D:1      | MajorAdolf set off with the following items: a +2 dagger, a
                  | potion of berserk rage, a scroll of teleportation, a +0
                  | robe; and the following spell memorised: Apportation; and
                  | the following spells available to memorise: Gell's Gravitas
     0 | D:1      | Reached XP level 1. HP: 19/19 MP: 1/1
   492 | D:1      | Reached XP level 2. HP: 26/26 MP: 2/2
  1888 | D:1      | Reached skill level 1 in Axes
  1888 | D:1      | Reached skill level 1 in Necromancy
  1892 | D:1      | Killed from afar by a dart slug

Illustrated notes

Levels and vault maps discovered:
D:1:      sevenhm_arrival_forest_fort_large_4, layout_basic

Skill      XL: |  1  2 |
---------------+-------+-----
Axes           | 1 |  1.0
Necromancy     | 1 |  1.0
Fighting       | |  2.0
Dodging        | |  1.0
Stealth        | |  4.6
Unarmed Combat | |  1.0
Spellcasting   | |  0.1
Translocations | |  2.2
Transmutations | |  1.2

Action                   || total
-------------------------++-------
Melee: Dagger            ||     5
       Hand axe          ||    38
 Cast: Apportation       ||     1
 Abil: Spit Poison       ||     6
  Use: Potion            ||     1
Armor: Robe              ||    11
Dodge: Dodged            ||    49
